 Dungeon Crawl Stone Soup version 0.30-a0-719-gcc4359ea44 (webtiles) character file.

Game seed: 66580537238960585

4191 Ijustatesigmund the Thaumaturge (level 10, -4/53 HPs)
             Began as a Deep Elf Conjurer on Jan 26, 2023.
             Was an Initiate of Vehumet.
             Shot with a bolt by an orc warrior (20 damage)
             ... in a bailey.
             The game lasted 00:29:22 (11217 turns).

Ijustatesigmund the Thaumaturge (DECj)             Turns: 11217, Time: 00:29:22

Health: -4/53      AC:  8    Str:  6    XL:     10   Next: 8%
Magic:  9/27       EV: 13    Int: 26    God:    Vehumet [......]
Gold:   257        SH:  0    Dex: 13    Spells: 21/32 levels left

rFire   . . .      SeeInvis .    l - staff of conjuration
rCold   . . .      Faith    .    (no shield)
rNeg    . . .      Spirit   .    a - +1 robe
rPois   .          Reflect  .    q - +0 helmet
rElec   .          Harm     .    u - +1 cloak
rCorr   .          Rampage  .    w - +1 pair of gloves
Will    +....                    (no boots)
Stlth   ++                       (no amulet)
HPRegen 0.28/turn                (no ring)
MPRegen 0.20/turn                (no ring)

@: about to teleport
A: no striking features
a: Renounce Religion


You were in a bailey.
You worshipped Vehumet.
Vehumet was noncommittal.
You visited 2 branches of the dungeon, and saw 9 of its levels.
You also visited: Ossuary and Bailey.

You collected 417 gold pieces.
You spent 160 gold pieces at shops.

Inventory:

Hand Weapons
 f - the +9 short sword "Mob Xyt" {venom, Drain rF+ Will+ Stlth+}
   (You found it on level 6 of the Dungeon)

   rF:        It protects you from fire.
   Drain:     It drains your maximum health when unequipped.
   Will:      It increases your willpower.
   Stlth:     It makes you more stealthy.
Armour
 a - a +1 robe (worn)
 p - a +1 leather armour of fire resistance
 q - a +0 helmet (worn)
 u - a +1 cloak (worn)
 w - a +1 pair of gloves (worn)
 y - a +3 leather armour of poison resistance
Magical Staves
 l - a staff of conjuration (weapon)
Wands
 o - a wand of flame (53)
Scrolls
 g - a scroll of teleportation
 j - a scroll of poison
 B - a scroll of fog
 C - a scroll of blinking
 F - a scroll of immolation
Potions
 b - 3 potions of magic
 c - 2 potions of mutation
 d - 2 potions of might
 e - a potion of flight
 h - 6 potions of heal wounds
 i - a potion of ambrosia
 k - 2 potions of invisibility
 m - 5 potions of curing
 n - 2 potions of attraction
 r - 2 potions of cancellation
 s - a potion of resistance
 v - a potion of haste
 x - 3 potions of lignification
 z - a potion of degeneration {unknown}
 A - a potion of berserk rage {unknown}
 E - a potion of brilliance {unknown}


   Skills:
 - Level 2.1 Fighting
 - Level 2.1 Staves
 - Level 5.0 Dodging
 - Level 2.4 Stealth
 + Level 11.6 Spellcasting
 - Level 10.1 Conjurations
 + Level 2.2 Air Magic
 - Level 6.3 Evocations


You had 21 spell levels left.
You knew the following spells:

 Your Spells              Type           Power      Damage    Failure   Level
a - Magic Dart            Conj           100%       1d8       1%          1
b - Searing Ray           Conj           100%       2d8       1%          2
c - Lightning Bolt        Conj/Air       31%        1d48      9%          5
d - Spider Form           Tmut/Pois      15%        N/A       12%         3

Your spell library contained the following spells:

 Spells                   Type           Power      Damage    Failure   Level
 Static Discharge         Conj/Air       100%       2-7/arc   1%          2
 Dazzling Flash           Conj/Hex       100%       N/A       1%          3
 Fulminant Prism          Conj/Hex       29%        3d14      4%          4
 Iskenderun's Mystic Bla  Conj/Tloc      58%        2d12      4%          4
 Ensorcelled Hibernation  Hex/Ice        30%        N/A       6%          2
 Vhi's Electric Charge    Tloc/Air       40%        N/A       8%          3
 Arcjolt                  Conj/Air       31%        1d41      9%          5
 Anguish                  Hex/Necr       7%         N/A       36%         4


Dungeon Overview and Level Annotations

Branches:
Dungeon (8/15)             Temple (1/1) D:7         Ossuary (visited)
 Bailey (1/1)
   Lair: D:8-11

Altars:
Ashenzari
Cheibriados
Dithmenos
Elyvilon
Hepliaklqana
Kikubaaqudgha
Makhleb
Okawaru
Ru
Trog
Uskayaw
Vehumet
Xom
Zin
The Shining One

Shops:
D:1 (   D:2 ??[*   D:4 (*!*=


Message History

The bolt of lightning misses the orc warrior.
You hear a shout! x3
The orc warrior closely misses you.
You hear a shout!
Casting: Lightning Bolt (quite dangerous; 10% risk of failure)
Confirm with . or Enter, or press ? or * to list all spells.
Aiming: Searing Ray (safe; 1% risk of failure)
Press: ? - help, Shift-Dir - straight line, f/p - orc warrior
Aim: an orc warrior, wielding a +0 halberd and wearing a +0 plate armour (almost dead, 83% to hit)
You feel a surge of power!
The searing ray hits the orc warrior!
You kill the orc warrior!
Vehumet accepts your kill. (Press . to maintain the ray.)
The orc warrior shoots a bolt.
The bolt hits you but does no damage.
Your Air Magic skill increases to level 2!
The searing ray hits the orc warrior but does no damage.
The orc warrior is almost dead.
The orc warrior shoots a bolt.
The bolt hits you!!
* * * LOW HITPOINT WARNING * * *
The searing ray hits the orc warrior.
The orc warrior is almost dead.
The orc warrior shoots a bolt.
The bolt closely misses you.
The searing ray hits the orc warrior!
You kill the orc warrior!
Vehumet accepts your kill.
You finish channelling your searing ray.
An orc knight comes into view.
It is wielding the +7 bardiche of Melee {spect, Will- Dex+5}.
Okay, then.
Okay, then.
Your magical contamination has completely faded away.
Items here: )) [[ ††.
An orc warrior comes into view. It is wielding a +0 arbalest.
As you read the scroll of teleportation, it crumbles to dust.
You feel strangely unstable.
The orc warrior shouts!
The orc warrior shoots a bolt.
The bolt hits you.
The orc knight roars a battlecry!
The orc warrior goes into a battle-frenzy!
The orc warrior shoots a bolt.
The bolt hits you!!
You die...

##..#'#'#..##.......).....#
#..##.#.##..#.............#
#.#########.##............#
#.'.# #.'o##............#
#)### ###.##............#
#)')# #.'.##............#
#o### ###.##............#
#.. #..##............# ##)
#...@............# #.
#................# #
#.o..≈≈≈.≈≈.....
#....≈##.#≈≈.... ......≈#
.##≈... ......... .. ≈..
........≈## ## ........≈≈


You could see an orc warrior (strong).

Vanquished Creatures
  A dream sheep (D:7)
  A steam dragon (D:5)
  Edmund (D:6)
  Duvessa (D:7)
  2 sky beasts
  6 orc warriors (Bailey)
  2 ice beasts
  3 black bears
  2 ogres
  2 centaurs (D:7)
  2 phantoms
  2 elf zombies (Ossuary)
  A gnoll sergeant (D:7)
  2 bullfrogs (D:7)
  3 scorpions
  Dowan (D:7)
  6 killer bees (D:7)
  A howler monkey (D:7)
  2 centaur zombies (Ossuary)
  4 human zombies (Ossuary)
  A gnoll bouda (D:7)
  2 jellies
  3 orc priests
  Crazy Yiuf (D:2)
  3 hounds
  4 iguanas
  An orc wizard (D:5)
  Natasha (thrice) (D:2)
  2 mummies (Ossuary)
  Robin (D:4)
  10 adders
  13 gnolls
  2 ufetubi
  An adder zombie (Ossuary)
  A dart slug (D:1)
  41 orcs
  9 bats
  3 endoplasms
  3 giant cockroaches
  8 hobgoblins
  7 jackals
  3 quokkas (D:4)
  7 ball pythons
  2 frilled lizards (D:3)
  17 goblins
  3 goblin zombies (Ossuary)
  6 hobgoblin zombies (Ossuary)
  5 kobolds
  9 kobold zombies (Ossuary)
  10 orc zombies (Ossuary)
  4 rats
230 creatures vanquished.

Vanquished Creatures (others)
  2 plants (D:5)
2 creatures vanquished.

Grand Total: 232 creatures vanquished

Notes
Turn   | Place    | Note
-------+----------+-------------------------------------------
     0 | D:1      | Ijustatesigmund the Deep Elf Conjurer began the quest for
                  | the Orb.
     0 | D:1      | Reached XP level 1. HP: 10/10 MP: 6/6
   228 | D:1      | Found a faded altar of an unknown god.
   471 | D:1      | Reached XP level 2. HP: 15/15 MP: 5/8
   474 | D:1      | Learned a level 2 spell: Searing Ray
   521 | D:1      | Found Vutithur's Weapon Shoppe.
   845 | D:2      | Found Yleazu's Magic Scroll Boutique.
   883 | D:2      | Reached skill level 4 in Spellcasting
   883 | D:2      | Reached skill level 5 in Conjurations
   883 | D:2      | Reached XP level 3. HP: 7/19 MP: 0/10
   989 | D:2      | Bought a scroll of teleportation for 39 gold pieces
  1036 | D:2      | Found Sopot's Magic Scroll Shop.
  1145 | D:2      | Noticed Natasha
  1156 | D:2      | Killed Natasha
  1261 | D:2      | Noticed Natasha
  1270 | D:2      | Killed Natasha
  1271 | D:2      | Reached XP level 4. HP: 18/24 MP: 7/12
  1358 | D:2      | Reached skill level 5 in Spellcasting
  1380 | D:2      | Noticed Natasha
  1415 | D:2      | Killed Natasha
  1479 | D:2      | Found a runed translucent door.
  1480 | D:2      | Noticed Crazy Yiuf
  1497 | D:2      | Found Kuliuxo's Book Shoppe.
  1546 | D:2      | Reached XP level 5. HP: 28/28 MP: 10/14
  1576 | D:2      | Found Torhelu's Assorted Antiques.
  1586 | D:2      | Bought a coppery potion for 20 gold pieces
  1586 | D:2      | Bought 2 glowing clear potions for 41 gold pieces
  1714 | D:2      | Found Xuomi's Antique Armour Shop.
  1931 | D:3      | Reached skill level 1 in Staves
  2104 | D:3      | Reached skill level 1 in Fighting
  2674 | D:3      | Found a glowing golden altar of the Shining One.
  2757 | D:4      | Reached XP level 6. HP: 34/34 MP: 13/16
  2774 | D:4      | Found Teilatao's General Store.
  3106 | D:4      | Reached skill level 6 in Spellcasting
  3194 | D:4      | Noticed Robin
  3214 | D:4      | Killed Robin
  3470 | D:4      | Found Gouri's Jewellery Boutique.
  3556 | D:4      | Reached XP level 7. HP: 27/40 MP: 7/18
  3770 | D:4      | Found Joisk's General Store.
  3890 | D:4      | You fall into a shaft and drop 2 floors!
  3895 | D:5      | Entered Level 5 of the Dungeon
  4065 | D:6      | Reached skill level 7 in Spellcasting
  4670 | D:4      | Found Ariasomp's Weapon Emporium.
  4740 | D:4      | Found Uluzas's Distillery.
  5092 | D:2      | Bought a scroll of identify for 20 gold pieces
  5092 | D:2      | Bought a scroll of identify for 20 gold pieces
  5092 | D:2      | Bought a scroll of identify for 20 gold pieces
  5144 | D:2      | Killed Crazy Yiuf
  5145 | D:2      | Reached XP level 8. HP: 28/44 MP: 14/21
  5415 | D:5      | Reached skill level 8 in Spellcasting
  5482 | D:5      | Reached skill level 5 in Dodging
  5703 | D:5      | Reached skill level 1 in Evocations
  6610 | D:6      | Found a hazy altar of Hepliaklqana.
  6949 | D:6      | Reached skill level 9 in Spellcasting
  7174 | D:6      | Noticed Edmund
  7188 | D:6      | Killed Edmund
  7360 | D:6      | Identified the +9 short sword "Mob Xyt" {venom, Drain rF+
                  | Will+ Stlth+}
  7764 | D:7      | Reached XP level 9. HP: 25/48 MP: 19/24
  7764 | D:7      | Noticed Duvessa
  7772 | D:7      | Noticed Dowan
  7774 | D:7      | Killed Duvessa
  7778 | D:7      | Killed Dowan
  7800 | D:7      | Reached skill level 10 in Spellcasting
  7833 | D:7      | Found a sand-covered staircase.
  7854 | Ossuary  | Entered an ossuary
  8626 | Ossuary  | Reached skill level 5 in Evocations
  9426 | D:7      | Reached skill level 11 in Spellcasting
  9426 | D:7      | Reached skill level 10 in Conjurations
  9617 | D:7      | Found a staircase to the Ecumenical Temple.
  9633 | Temple   | Entered the Ecumenical Temple
  9709 | Temple   | Became a worshipper of Vehumet
 10429 | D:7      | Found a sacrificial altar of Ru.
 10429 | D:7      | Found a shimmering altar of Xom.
 10437 | D:7      | Found a snail-covered altar of Cheibriados.
 10439 | D:7      | Found an ancient bone altar of Kikubaaqudgha.
 10441 | D:7      | Found a shadowy altar of Dithmenos.
 10563 | D:8      | Found a flagged portal.
 10577 | Bailey   | Entered a bailey
 10729 | Bailey   | Learned a level 5 spell: Lightning Bolt
 10733 | Bailey   | Learned a level 3 spell: Spider Form
 11077 | Bailey   | Reached skill level 1 in Air Magic
 11081 | Bailey   | Reached XP level 10. HP: 27/53 MP: 16/27
 11199 | Bailey   | Identified the +7 bardiche of Melee {spect, Will- Dex+5}
 11199 | Bailey   | Noticed an orc knight
 11217 | Bailey   | Shot with a bolt by an orc warrior

Illustrated notes

Levels and vault maps discovered:
D:1:      zaba_arrival_water, layout_basic, dreamdust_ecumenical_altar_statues,
          serial_shops, nicolae_shop_bloodbath_and_beyond
D:2:      layout_rooms, serial_shops, nicolae_shop_trees, shop, shop,
          nicolae_shop_temple_entry_statues_fountains,
          nicolae_shop_advertising_works [nicolae_subvault_shop_adworks],
          uniq_natasha, uniq_crazy_yiuf_cottage
D:3:      layout_rooms, tso_oasis_becter
D:4:      nicolae_BIG_FREAKIN_CUBE, layout_basic, serial_shops,
          nicolae_shop_statue_plus, nicolae_shop_waterfront,
          nicolae_shop_temple_entry_statues_fountains, nicolae_shop_trees, shop,
          uniq_robin
D:5:      layout_rooms, minmay_fountain_box, chequers_big_river,
          minmay_fractal_squares_diagonal_5
D:6:      layout_layer_cave, marbit_many_paths, uniq_edmund
D:7:      layout_loops_cross, chequers_temple_overflow_minitemple,
          minmay_temple_entry_hall, nicolae_ossuary_entry_ruins, serial_glass,
          glass_columns_a, glass_columns_c, item_on_display_a,
          due_unseen_surprise, minmay_strange_pillars, chequers_mini_garden,
          minmay_misc_feat_encased, st_stairs_1, kennysheep_doodads,
          dreamdust_gnoll_shepherd, uniq_duvessa
D:8:      layout_loops_ring, nicolae_yredelemnul_ghost_church, enter_bailey_2,
          minmay_orc_keep, uniq_erica
Temple:   nicolae_temple_bog_church
Bailey:   bailey_polearm_2, bailey

Skill      XL: |  1  2  3  4  5  6  7  8  9 10 |
---------------+-------------------------------+-----
Spellcasting   | 4 5 6 7 9 11 | 11.6
Conjurations   | 5 6 7 8 10 | 10.1
Staves         | 1 2 |  2.1
Fighting       | 1 2 |  2.1
Dodging        | 4 5 |  5.0
Evocations     | 3 6 |  6.3
Air Magic      | 1 2 |  2.2
Stealth        | |  2.4

Action                     |  1- 3 |  4- 6 |  7- 9 | 10-12 || total
---------------------------+-------+-------+-------+-------++-------
  Melee: Dagger            |     7 |       |       |       ||     7
         Staff             |       |     5 |    12 |       ||    17
   Cast: Magic Dart        |    51 |   113 |   277 |       ||   441
         Searing Ray       |     3 |    13 |    64 |     2 ||    82
         Lightning Bolt    |       |       |       |     2 ||     2
  Evoke: Wand              |       |       |    14 |     2 ||    16
    Use: Scroll            |     3 |     6 |    17 |     1 ||    27
         Potion            |     1 |       |     3 |       ||     4
   Stab: Sleeping          |       |       |     1 |       ||     1
 Armour: Robe              |       |     5 |    63 |     1 ||    69
  Dodge: Dodged            |     3 |    21 |   111 |     3 ||   138

Table legend: (Time is in decaauts)
 A = Elapsed time spent in this place.
 B = Non-inter-level travel time spent in this place.
 C = Inter-level travel time spent in this place.
 D = Time resting spent in this place.
 E = Time spent auto-exploring this place.
 F = Levels seen in this place.
 G = Mean time per level.
                   A        B        C        D        E       F      G
               +--------+--------+--------+--------+--------+-----+--------+
         Total |  11243 |  10933 |    310 |   3788 |   5700 |  11 | 1022.1 |
       Dungeon |   9073 |   8770 |    303 |   2560 |   5128 |   8 | 1134.1 |
        Temple |     83 |     76 |      7 |      0 |     61 |   1 |   83.0 |
       Ossuary |   1446 |   1446 |      0 |    782 |    432 |   1 | 1446.0 |
        Bailey |    639 |    639 |      0 |    446 |     79 |   1 |  639.0 |
               +--------+--------+--------+--------+--------+-----+--------+

Top non-repeatable levels by time:
     D:6: 1921 daAuts
     D:4: 1615 daAuts
 Ossuary: 1446 daAuts
     D:5: 1300 daAuts
     D:7: 1208 daAuts
     D:2: 1185 daAuts
     D:3: 910 daAuts
     D:1: 844 daAuts
  Bailey: 639 daAuts
     D:8: 86 daAuts
  Temple: 83 daAuts
